[Event "European Amateur-ch U1700 2019"]
[Site "Rhodes"]
[Date "2019.04.09"]
[Round "4.5"]
[White "Snokowski, Marcin"]
[Black "Cebo, Vladimir"]
[Result "1-0"]
[ECO "A07"]
[WhiteElo "1659"]
[BlackElo "1602"]
[Annotator "NA"]
[PlyCount "59"]
[EventDate "2019.04.06"]
[EventType "swiss"]
[EventCountry "GRE"]
[SourceTitle "playchess.com"]
[Source "ChessBase"]
[SourceQuality "1"]
[TimeControl "40/5400+30:1800+30"]

1. Nf3 d5 2. d3 c6 3. g3 e6 4. Bg2 Nf6 5. O-O Be7 6. c3 O-O 7. Nbd2 Nbd7 8. Re1 Bc5 9. d4 Bb6 10. e4 dxe4 11. Nxe4 Nxe4 12. Rxe4 e5 13. Nxe5 Nf6 14. Bg5 h6 15. Bxf6 Qxf6 16. Qh5 Qf5 17. Qe2 Be6 18. Rf4 Qg5 19. h4 Qd8 20. Be4 Bc7 21. Bc2 Bxe5 22. dxe5 Qe8 23. Qe4 g6 24. Rf6 h5 25. Rd1 Kg7 26. Qf4 Qe7 27. Qg5 Qe8 28. Rd6 Rg8 29. Rdxe6 fxe6 30. Rxg6+ 1-0

[Event "European Amateur-ch U1700 2019"]
[Site "Rhodes"]
[Date "2019.04.09"]
[Round "4.6"]
[White "Minko, Uliana"]
[Black "Buzescu, Vladimir"]
[Result "0-1"]
[ECO "A16"]
[WhiteElo "1315"]
[BlackElo "1620"]
[Annotator "NA"]
[PlyCount "68"]
[EventDate "2019.04.06"]
[EventType "swiss"]
[EventCountry "GRE"]
[SourceTitle "playchess.com"]
[Source "ChessBase"]
[SourceQuality "1"]
[TimeControl "40/5400+30:1800+30"]

1. c4 Nf6 2. Nc3 g6 3. Nf3 Bg7 4. a3 O-O 5. g3 c6 6. Bg2 d5 7. cxd5 cxd5 8. Rb1 Bf5 9. d3 Nc6 10. O-O e5 11. Nd2 e4 12. dxe4 dxe4 13. Ncxe4 Nxe4 14. Nxe4 Qe7 15. f3 Rfd8 16. Bd2 Bd4+ 17. Kh1 Be3 18. Ra1 Bxe4 19. fxe4 Rxd2 20. Qa4 Rxe2 21. Rae1 Rxe1 22. Rxe1 Bb6 23. b4 Rd8 24. b5 Ne5 25. Qb3 Ng4 26. h4 h5 27. Qb2 Bd4 28. Qb3 Bf2 29. Rb1 Qe5 30. Bf3 Ne3 31. Rg1 Bxg1 32. Kxg1 Qxg3+ 33. Kh1 Qxf3+ 34. Kg1 Qg2# 0-1

[Event "European Amateur-ch U1700 2019"]
[Site "Rhodes"]
[Date "2019.04.09"]
[Round "4.7"]
[White "Kalpakidis, Daniel Kyriakos"]
[Black "Meremyanina, Kseniya"]
[Result "0-1"]
[ECO "A06"]
[WhiteElo "1211"]
[BlackElo "1577"]
[Annotator "NA"]
[PlyCount "44"]
[EventDate "2019.04.06"]
[EventType "swiss"]
[EventCountry "GRE"]
[SourceTitle "playchess.com"]
[Source "ChessBase"]
[SourceQuality "1"]
[TimeControl "40/5400+30:1800+30"]

1. d4 d5 2. b3 c6 3. Bb2 Bf5 4. Nf3 Nf6 5. e3 Nbd7 6. Be2 h6 7. O-O e6 8. Nbd2 Bd6 9. Ne5 O-O 10. f4 c5 11. Rf3 cxd4 12. exd4 Qb6 13. Kh1 Rac8 14. c4 Bb4 15. Kg1 Bxd2 16. Qxd2 Nxe5 17. fxe5 Ne4 18. Qe1 dxc4 19. Bxc4 Rxc4 20. Ba3 Rxd4 21. Kh1 Rfd8 22. Bc1 Rd1 0-1

[Event "European Amateur-ch U1700 2019"]
[Site "Rhodes"]
[Date "2019.04.09"]
[Round "4.9"]
[White "De Luca, Andrew"]
[Black "Diamantis, Georgios D."]
[Result "1-0"]
[ECO "D01"]
[WhiteElo "1483"]
[BlackElo "1632"]
[Annotator "NA"]
[PlyCount "129"]
[EventDate "2019.04.06"]
[EventType "swiss"]
[EventCountry "GRE"]
[SourceTitle "playchess.com"]
[Source "ChessBase"]
[SourceQuality "1"]
[TimeControl "40/5400+30:1800+30"]

1. d4 d5 2. Nc3 Nf6 3. Bg5 e6 4. f3 Be7 5. e4 Nfd7 6. Bxe7 Qxe7 7. Bd3 c5 8. Nb5 Na6 9. c3 c4 10. Bc2 Nb6 11. a4 O-O 12. Ne2 Bd7 13. O-O Bxb5 14. axb5 Nc7 15. e5 Nxb5 16. f4 f5 17. exf6 Rxf6 18. Ng3 Nd6 19. Nh5 Rf7 20. g4 a6 21. g5 Nf5 22. Qf3 Nd7 23. Rae1 g6 24. Ng3 Nxg3 25. Qxg3 b5 26. h4 Kg7 27. Qh3 Nf8 28. h5 Qd6 29. hxg6 Nxg6 30. Qh6+ Kg8 31. Bxg6 hxg6 32. Qxg6+ Rg7 33. Qxe6+ Qxe6 34. Rxe6 a5 35. Rd6 b4 36. Rxd5 bxc3 37. bxc3 Rc7 38. f5 a4 39. Rb5 a3 40. Rbb1 a2 41. Ra1 Rb7 42. Kg2 Kf7 43. Rf2 Rba7 44. Rd2 Ke7 45. Kf3 Kd6 46. g6 Ra3 47. Rc2 Kd5 48. Kf4 R3a6 49. g7 R6a7 50. Rg2 Rg8 51. Rgxa2 Raxg7 52. Ra5+ Kc6 53. Ra6+ Kb7 54. Ra7+ Kb6 55. Rxg7 Rxg7 56. f6 Rg2 57. Ke5 Re2+ 58. Kd6 Rf2 59. Rb1+ Ka5 60. Kc5 Rf5+ 61. Kxc4 Rxf6 62. Kc5 Rf5+ 63. d5 Ka6 64. Kc6 Ka5 65. Ra1# 1-0

[Event "European Amateur-ch U1700 2019"]
[Site "Rhodes"]
[Date "2019.04.10"]
[Round "5.1"]
[White "Stathatos, Alexandros"]
[Black "Pereverzev, Timofei"]
[Result "1-0"]
[ECO "B42"]
[WhiteElo "1184"]
[BlackElo "1463"]
[Annotator "NA"]
[PlyCount "85"]
[EventDate "2019.04.06"]
[EventType "swiss"]
[EventCountry "GRE"]
[SourceTitle "playchess.com"]
[Source "ChessBase"]
[SourceQuality "1"]
[TimeControl "40/5400+30:1800+30"]

1. e4 c5 2. Nf3 e6 3. d4 cxd4 4. Nxd4 a6 5. Bd3 Qc7 6. O-O Nf6 7. c4 Nc6 8. Nxc6 dxc6 9. Nc3 e5 10. h3 Bc5 11. Bg5 Be6 12. a3 Rd8 13. Qf3 Be7 14. Rfd1 h6 15. Bxf6 Bxf6 16. Ne2 O-O 17. Ng3 Bg5 18. Nf5 g6 19. h4 Bxf5 20. hxg5 Bxe4 21. Bxe4 Rxd1+ 22. Rxd1 hxg5 23. Qf6 g4 24. Qg5 Kg7 25. c5 f5 26. Rd6 Qf7 27. Bc2 e4 28. Qd2 Re8 29. Qc3+ Kh6 30. Bb3 Qh7 31. Qd2+ Kh5 32. Qf4 Qg7 33. Qd2 Re7 34. g3 Qe5 35. f4 Qxc5+ 36. Kh1 Kh6 37. Rd8 Kg7 38. Qh2 Qc1+ 39. Bd1 Kf6 40. Qh8+ Ke6 41. Qg8+ Rf7 42. Qxg6+ Rf6 43. Qe8# 1-0

[Event "European Amateur-ch U1700 2019"]
[Site "Rhodes"]
[Date "2019.04.10"]
[Round "5.2"]
[White "Ruzic, Milos"]
[Black "Kanev, Evgeny"]
[Result "1-0"]
[ECO "B07"]
[WhiteElo "1674"]
[BlackElo "1629"]
[Annotator "NA"]
[PlyCount "125"]
[EventDate "2019.04.06"]
[EventType "swiss"]
[EventCountry "GRE"]
[SourceTitle "playchess.com"]
[Source "ChessBase"]
[SourceQuality "1"]
[TimeControl "40/5400+30:1800+30"]

1. e4 d6 2. Bc4 Nf6 3. d3 g6 4. Nf3 Bg7 5. Nc3 c6 6. Bb3 b5 7. e5 dxe5 8. Nxe5 O-O 9. O-O b4 10. Na4 Nd5 11. d4 Qc7 12. Re1 e6 13. c4 bxc3 14. bxc3 Nd7 15. Nxd7 Bxd7 16. Ba3 Rfe8 17. c4 Nf6 18. Rc1 Bh6 19. Rc2 Bf4 20. g3 Bd6 21. Nc5 Bc8 22. Qf3 Nd7 23. Bb2 Bf8 24. Ne4 Bg7 25. c5 Nf8 26. Nd6 Re7 27. Ba4 Bd7 28. Bc3 Rb8 29. Ree2 f6 30. Rb2 e5 31. Rxb8 Qxb8 32. Rb2 Qd8 33. Bxc6 Bxc6 34. Qxc6 exd4 35. Qd5+ Ne6 36. Bxd4 Kf8 37. Be3 Nc7 38. Qc6 h6 39. Rb7 Ne6 40. Rxe7 Qxe7 41. Qc8+ Nd8 42. h3 f5 43. Nb7 Qxb7 44. Qxd8+ Kf7 45. a4 Bf6 46. Qd6 Be7 47. Qe5 Bf6 48. Qf4 Bg5 49. Qc4+ Ke7 50. Bxg5+ hxg5 51. Qd4 Qb1+ 52. Kh2 f4 53. gxf4 gxf4 54. Qd6+ Ke8 55. Qxf4 Qc2 56. Qe3+ Kf7 57. Qd4 Ke6 58. Kg2 Kf5 59. Qd5+ Kf4 60. a5 Qe2 61. c6 Qe7 62. Qc4+ Kg5 63. c7 1-0

[Event "European Amateur-ch U1700 2019"]
[Site "Rhodes"]
[Date "2019.04.10"]
[Round "5.3"]
[White "Apostolakis, Ioannis"]
[Black "Snokowski, Marcin"]
[Result "0-1"]
[ECO "B06"]
[WhiteElo "1439"]
[BlackElo "1659"]
[Annotator "NA"]
[PlyCount "92"]
[EventDate "2019.04.06"]
[EventType "swiss"]
[EventCountry "GRE"]
[SourceTitle "playchess.com"]
[Source "ChessBase"]
[SourceQuality "1"]
[TimeControl "40/5400+30:1800+30"]

1. e4 g6 2. Nc3 c6 3. f4 d6 4. Nf3 Bg7 5. d4 e5 6. Be3 Bg4 7. Be2 Bxf3 8. Bxf3 Nd7 9. O-O Qb6 10. Na4 Qa5 11. c3 b5 12. f5 Qxa4 13. b3 Qa5 14. Bd2 Qb6 15. Kh1 exd4 16. Qe1 d3 17. Be3 Qc7 18. Bd4 Ne5 19. Qh4 Qe7 20. Qf2 c5 21. Be3 Nf6 22. Bg5 h6 23. Bxf6 Qxf6 24. g4 g5 25. Rae1 O-O 26. Bd1 c4 27. Re3 Nd7 28. bxc4 bxc4 29. Ba4 Nb6 30. Bc6 Rac8 31. e5 dxe5 32. Be4 Rfd8 33. Qd2 Qd6 34. h4 Bf6 35. Rh3 Kg7 36. hxg5 hxg5 37. Rh5 Rh8 38. Qh2 Rxh5 39. gxh5 Kh6 40. Qd2 Rb8 41. Rd1 Na4 42. Qe1 Nc5 43. Bg2 Rd8 44. Rd2 e4 45. Rd1 Qf4 46. Qg1 Qh4+ 0-1

[Event "European Amateur-ch U1700 2019"]
[Site "Rhodes"]
[Date "2019.04.10"]
[Round "5.4"]
[White "Kostov, Kiril"]
[Black "Badrakova, Kseniya"]
[Result "1-0"]
[ECO "B22"]
[WhiteElo "1625"]
[BlackElo "1435"]
[Annotator "NA"]
[PlyCount "97"]
[EventDate "2019.04.06"]
[EventType "swiss"]
[EventCountry "GRE"]
[SourceTitle "playchess.com"]
[Source "ChessBase"]
[SourceQuality "1"]
[TimeControl "40/5400+30:1800+30"]

1. e4 c5 2. c3 d5 3. exd5 Qxd5 4. d4 Nc6 5. Nf3 Bg4 6. Be2 e6 7. Be3 cxd4 8. cxd4 Nf6 9. Nc3 Qd8 10. O-O Be7 11. a3 O-O 12. Qd2 Nd5 13. Rfd1 Rc8 14. Rac1 Na5 15. Nxd5 Qxd5 16. Rc3 a6 17. b4 Rxc3 18. Qxc3 Nc6 19. h3 Bh5 20. Rd2 Rc8 21. Qc1 b5 22. Rc2 Bg6 23. Rc3 f6 24. Nd2 Qd7 25. Bf3 Na7 26. d5 Rxc3 27. Qxc3 exd5 28. Qd4 Nc8 29. Qxd5+ Qxd5 30. Bxd5+ Kf8 31. Bb7 Nd6 32. Bxa6 Bd3 33. Bc5 Ke8 34. Nb3 Kd7 35. Nd4 Ne8 36. Bxe7 Kxe7 37. Bxb5 Bxb5 38. Nxb5 Kd7 39. Kf1 Kc6 40. Nc3 Nd6 41. Ke2 Nc4 42. a4 Nb6 43. a5 Nc4 44. Kd3 Nd6 45. g4 g6 46. Kd4 h6 47. b5+ Nxb5+ 48. Nxb5 Kxb5 49. Kd5 1-0

[Event "European Amateur-ch U1700 2019"]
[Site "Rhodes"]
[Date "2019.04.10"]
[Round "5.5"]
[White "Buzescu, Vladimir"]
[Black "De Luca, Andrew"]
[Result "0-1"]
[ECO "C34"]
[WhiteElo "1620"]
[BlackElo "1483"]
[Annotator "NA"]
[PlyCount "120"]
[EventDate "2019.04.06"]
[EventType "swiss"]
[EventCountry "GRE"]
[SourceTitle "playchess.com"]
[Source "ChessBase"]
[SourceQuality "1"]
[TimeControl "40/5400+30:1800+30"]

1. e4 e5 2. f4 exf4 3. Nf3 Nc6 4. d4 g5 5. d5 Nb4 6. a3 Na6 7. Qd4 Qf6 8. e5 Qg7 9. Bxa6 bxa6 10. h3 h5 11. Nc3 g4 12. hxg4 hxg4 13. Rxh8 Qxh8 14. Ng1 Qh4+ 15. Qf2 Qxf2+ 16. Kxf2 Bc5+ 17. Kf1 a5 18. Bxf4 Ba6+ 19. Nge2 Bd4 20. Ke1 Bxe2 21. Kxe2 Ne7 22. Nb5 Bb6 23. c4 a6 24. Nc3 O-O-O 25. Rh1 Ng6 26. Bg3 Re8 27. Kd3 Nxe5+ 28. Bxe5 Rxe5 29. Rh8+ Kb7 30. Rf8 Re3+ 31. Kd2 Rg3 32. Rxf7 Rxg2+ 33. Ne2 d6 34. b4 axb4 35. axb4 Bd4 36. Kd3 Be5 37. Rf5 Rh2 38. Rg5 Rh3+ 39. Ke4 Rb3 40. Rxg4 Rxb4 41. Kd3 a5 42. Rg1 Kb6 43. Nd4 a4 44. Nb5 Rb3+ 45. Kc2 Kc5 46. Rg4 Rb4 47. Kd3 c6 48. dxc6 Kxc6 49. Rg8 Rb3+ 50. Kc2 Kc5 51. Rc8+ Kb4 52. Rc6 a3 53. Nxd6 Rb2+ 54. Kd3 a2 55. Ra6 Bxd6 56. Rb6+ Kc5 57. Rxb2 a1=Q 58. Rb5+ Kc6 59. Kc2 Qd4 60. Rb3 Be5 0-1

[Event "European Amateur-ch U1700 2019"]
[Site "Rhodes"]
[Date "2019.04.10"]
[Round "5.6"]
[White "Papadopoulos, Panteleimon"]
[Black "Meremyanina, Kseniya"]
[Result "0-1"]
[ECO "C18"]
[WhiteElo "1384"]
[BlackElo "1577"]
[Annotator "NA"]
[PlyCount "104"]
[EventDate "2019.04.06"]
[EventType "swiss"]
[EventCountry "GRE"]
[SourceTitle "playchess.com"]
[Source "ChessBase"]
[SourceQuality "1"]
[TimeControl "40/5400+30:1800+30"]

1. e4 e6 2. d4 d5 3. Nc3 Bb4 4. e5 c5 5. a3 Bxc3+ 6. bxc3 Ne7 7. Qg4 Qa5 8. Bd2 Qa4 9. Rc1 Nbc6 10. Nf3 O-O 11. Be2 Ng6 12. h4 f5 13. Qg5 cxd4 14. cxd4 Nxd4 15. Bb4 Nxf3+ 16. gxf3 Rf7 17. f4 a5 18. Qd8+ Nf8 19. Bd6 Qxf4 20. Rd1 b5 21. Rg1 Bb7 22. Qg5 Qxg5 23. Rxg5 Ba6 24. Bh5 Rb7 25. Kd2 Rc8 26. Be2 Nd7 27. Rdg1 Nc5 28. f3 Na4 29. h5 Nc3 30. Bd3 Na4 31. h6 g6 32. Be2 Nb6 33. Rb1 Nc4+ 34. Bxc4 Rxc4 35. Rbg1 Rh4 36. Re1 Rxh6 37. Rg2 Rh4 38. Re3 b4 39. axb4 axb4 40. Rb3 Kf7 41. Rb2 h6 42. Ra2 Bc4 43. Ra8 g5 44. Rf8+ Kg7 45. Rf6 d4 46. Bf8+ Kh7 47. f4 g4 48. Bc5 Rh3 49. Rf8 d3 50. Rd8 dxc2 51. Kxc2 Bd5 52. Rc8 Bxg2 0-1

[Event "European Amateur-ch U1700 2019"]
[Site "Rhodes"]
[Date "2019.04.10"]
[Round "5.7"]
[White "Makris, Athanasios"]
[Black "Bakhmanov, Farid"]
[Result "0-1"]
[ECO "B01"]
[WhiteElo "1811"]
[BlackElo "1491"]
[Annotator "NA"]
[PlyCount "98"]
[EventDate "2019.04.06"]
[EventType "swiss"]
[EventCountry "GRE"]
[SourceTitle "playchess.com"]
[Source "ChessBase"]
[SourceQuality "1"]
[TimeControl "40/5400+30:1800+30"]

1. e4 d5 2. exd5 Qxd5 3. Nf3 Bg4 4. Nc3 Qe6+ 5. Qe2 Qxe2+ 6. Bxe2 Nc6 7. O-O O-O-O 8. Re1 Nb4 9. Ng5 Bxe2 10. Rxe2 Nh6 11. d3 e6 12. Nf3 Nf5 13. Be3 Nxe3 14. fxe3 Be7 15. Ne5 Rhf8 16. a3 Nd5 17. Nxd5 exd5 18. Nf3 Rde8 19. Rae1 Bf6 20. c3 Re7 21. e4 dxe4 22. Rxe4 Rfe8 23. Rxe7 Rxe7 24. Rxe7 Bxe7 25. Kf2 f6 26. Ke3 Kd7 27. Ke4 g6 28. c4 a5 29. d4 a4 30. g4 Kc6 31. Nd2 Bd6 32. h3 b6 33. Nf3 Kd7 34. g5 f5+ 35. Ke3 c6 36. Ne5+ Bxe5 37. dxe5 Ke6 38. Kf4 Kf7 39. Ke3 Ke7 40. Kd4 Ke6 41. h4 c5+ 42. Kd3 Kxe5 43. Ke3 f4+ 44. Kf3 Kf5 45. Kf2 Kg4 46. Kg2 Kxh4 47. Kf3 Kxg5 48. Kf2 h5 49. Kf3 Kf5 0-1

[Event "European Amateur-ch U1700 2019"]
[Site "Rhodes"]
[Date "2019.04.10"]
[Round "5.8"]
[White "Cebo, Vladimir"]
[Black "Karali, Panagiota"]
[Result "1-0"]
[ECO "A22"]
[WhiteElo "1602"]
[BlackElo "1191"]
[Annotator "NA"]
[PlyCount "67"]
[EventDate "2019.04.06"]
[EventType "swiss"]
[EventCountry "GRE"]
[SourceTitle "playchess.com"]
[Source "ChessBase"]
[SourceQuality "1"]
[TimeControl "40/5400+30:1800+30"]

1. c4 e5 2. Nc3 Nf6 3. e4 Bc5 4. Nf3 d6 5. h3 O-O 6. d4 exd4 7. Nxd4 Re8 8. Qd3 Bb4 9. f3 h6 10. Be3 c6 11. Nc2 Bxc3+ 12. Qxc3 d5 13. O-O-O Be6 14. cxd5 cxd5 15. Kb1 Nc6 16. g4 Rc8 17. Bd3 Na5 18. Qd2 Nc4 19. Bxc4 dxc4 20. Qc3 Qc7 21. g5 hxg5 22. Bxg5 Nh5 23. Rhg1 f6 24. Bxf6 Nxf6 25. Qxf6 Bxh3 26. Rd5 Rf8 27. Qh4 Qh2 28. Rdg5 Rf7 29. Qh6 Rcc7 30. Nd4 Qd2 31. Ne6 Bxe6 32. Qxe6 c3 33. Rxg7+ Kh8 34. Qh3+ 1-0

[Event "European Amateur-ch U1700 2019"]
[Site "Rhodes"]
[Date "2019.04.10"]
[Round "5.10"]
[White "Minko, Uliana"]
[Black "Grishina, Zhanna"]
[Result "0-1"]
[ECO "A29"]
[WhiteElo "1315"]
[BlackElo "1482"]
[Annotator "NA"]
[PlyCount "86"]
[EventDate "2019.04.06"]
[EventType "swiss"]
[EventCountry "GRE"]
[SourceTitle "playchess.com"]
[Source "ChessBase"]
[SourceQuality "1"]
[TimeControl "40/5400+30:1800+30"]

1. c4 e5 2. g3 Nf6 3. Nc3 Nc6 4. Bg2 Bb4 5. Nf3 O-O 6. O-O h6 7. Ne1 Re8 8. e4 d6 9. Nc2 Bxc3 10. dxc3 Be6 11. b3 Qd7 12. Ne3 Ne7 13. Nd5 Nexd5 14. cxd5 Bg4 15. f3 Bh3 16. Re1 Bxg2 17. Kxg2 c6 18. c4 cxd5 19. cxd5 Rac8 20. Bb2 Rc7 21. Rc1 Rec8 22. Rxc7 Rxc7 23. Re2 Qc8 24. a4 Nh7 25. b4 Ng5 26. g4 h5 27. h3 Rc4 28. Qb3 hxg4 29. hxg4 g6 30. Kg3 f5 31. gxf5 gxf5 32. Rh2 fxe4 33. fxe4 Nxe4+ 34. Kg2 Qg4+ 35. Kf1 Ng3+ 36. Ke1 Re4+ 37. Kd2 Nf1+ 38. Kc2 Nxh2 39. Bc3 Re2+ 40. Bd2 Nf1 41. Qc3 Nxd2 42. Kc1 Qg1+ 43. Kc2 Ne4+ 0-1

[Event "European Amateur-ch U1700 2019"]
[Site "Rhodes"]
[Date "2019.04.11"]
[Round "6.1"]
[White "Stathatos, Alexandros"]
[Black "Ruzic, Milos"]
[Result "1/2-1/2"]
[ECO "B07"]
[WhiteElo "1184"]
[BlackElo "1674"]
[Annotator "NA"]
[PlyCount "57"]
[EventDate "2019.04.06"]
[EventType "swiss"]
[EventCountry "GRE"]
[SourceTitle "playchess.com"]
[Source "ChessBase"]
[SourceQuality "1"]
[TimeControl "40/5400+30:1800+30"]

1. e4 d6 2. d4 Nf6 3. Nc3 g6 4. Be3 c6 5. Qd2 Bg7 6. f3 O-O 7. O-O-O Re8 8. g4 Qc7 9. h4 h5 10. gxh5 Nxh5 11. Nge2 Nd7 12. Rg1 e5 13. d5 Bf8 14. Bh6 Ng7 15. Bxg7 Bxg7 16. h5 Nf8 17. Ng3 Qb6 18. Bc4 c5 19. Rh1 Qd8 20. Bb5 Bd7 21. Bxd7 Qxd7 22. h6 Bf6 23. Rdg1 Kh7 24. Qg2 a6 25. Nh5 Bh8 26. Ng7 Re7 27. Nf5 Ree8 28. Ng7 Re7 29. Nf5 1/2-1/2

[Event "European Amateur-ch U1700 2019"]
[Site "Rhodes"]
[Date "2019.04.11"]
[Round "6.2"]
[White "Snokowski, Marcin"]
[Black "Pereverzev, Timofei"]
[Result "1-0"]
[ECO "A07"]
[WhiteElo "1659"]
[BlackElo "1463"]
[Annotator "NA"]
[PlyCount "179"]
[EventDate "2019.04.06"]
[EventType "swiss"]
[EventCountry "GRE"]
[SourceTitle "playchess.com"]
[Source "ChessBase"]
[SourceQuality "1"]
[TimeControl "40/5400+30:1800+30"]

1. Nf3 d5 2. d3 Nf6 3. g3 c6 4. Bg2 Bg4 5. O-O Nbd7 6. Nbd2 e5 7. e4 Bc5 8. h3 Bxf3 9. Qxf3 d4 10. a4 a5 11. Qe2 Qc7 12. f4 Bd6 13. Nc4 b5 14. Nxd6+ Qxd6 15. fxe5 Nxe5 16. Bf4 Nfd7 17. Qh5 h6 18. h4 g6 19. Qe2 b4 20. Bh3 f6 21. Qf2 g5 22. Bxd7+ Kxd7 23. Bxe5 Qxe5 24. Qf5+ Qxf5 25. Rxf5 Ke6 26. Raf1 Rhf8 27. hxg5 hxg5 28. b3 Ra7 29. Rxg5 Rh8 30. Rgf5 Rh6 31. Kg2 Rah7 32. R5f2 Rg6 33. Kf3 Rh5 34. g4 Rh3+ 35. Kf4 Rgh6 36. Rf3 Rxf3+ 37. Kxf3 Rh2 38. Rf2 Rh1 39. Kg3 Rc1 40. Rh2 c5 41. Rd2 Re1 42. Rf2 Re3+ 43. Rf3 Re2 44. Rf2 Re3+ 45. Kf4 Rh3 46. Re2 Rh1 47. Kf3 Rg1 48. Rg2 Rc1 49. Rd2 Ke5 50. Rh2 Rf1+ 51. Ke2 Rf4 52. Rh5+ Kd6 53. Rd5+ Kc6 54. Rf5 Rxf5 55. exf5 Kd5 56. Kf3 Ke5 57. Kg3 Kd6 58. Kf4 Ke7 59. g5 fxg5+ 60. Kxg5 Kf7 61. f6 Kf8 62. Kf5 Kf7 63. Ke5 Ke8 64. Kd6 Kf7 65. Kxc5 Kxf6 66. Kxd4 Ke6 67. Kc5 Kd7 68. Kb5 Kc7 69. Kxa5 Kc6 70. Kxb4 Kb6 71. a5+ Kc6 72. a6 Kb6 73. a7 Kxa7 74. Kc5 Kb7 75. Kd6 Kb6 76. c4 Kb7 77. b4 Kb6 78. Kd7 Kb7 79. c5 Kb8 80. c6 Ka7 81. c7 Kb6 82. c8=Q Kb5 83. Qc5+ Ka4 84. Qa5+ Kb3 85. Qc5 Ka4 86. b5 Kb3 87. b6 Ka4 88. b7 Kb3 89. b8=Q+ Ka2 90. Qca7# 1-0

[Event "European Amateur-ch U1700 2019"]
[Site "Rhodes"]
[Date "2019.04.11"]
[Round "6.3"]
[White "Bakhmanov, Farid"]
[Black "Kostov, Kiril"]
[Result "0-1"]
[ECO "B41"]
[WhiteElo "1491"]
[BlackElo "1625"]
[Annotator "NA"]
[PlyCount "84"]
[EventDate "2019.04.06"]
[EventType "swiss"]
[EventCountry "GRE"]
[SourceTitle "playchess.com"]
[Source "ChessBase"]
[SourceQuality "1"]
[TimeControl "40/5400+30:1800+30"]

1. e4 c5 2. Nf3 d6 3. d4 cxd4 4. Nxd4 Nf6 5. f3 e6 6. c4 a6 7. Nc3 Be7 8. Be3 Nbd7 9. Be2 Qc7 10. O-O O-O 11. Qd2 b6 12. Rfc1 Bb7 13. a4 Nc5 14. Qd1 Rfd8 15. b4 Ncd7 16. Nb3 Rac8 17. a5 bxa5 18. Nxa5 Ba8 19. b5 Nc5 20. Rcb1 Rb8 21. Qf1 axb5 22. cxb5 d5 23. exd5 exd5 24. Qc1 d4 25. Bf4 Bd6 26. Bxd6 Qxd6 27. Nc4 Qe6 28. Ne4 Ncxe4 29. fxe4 Bxe4 30. Ra6 Qd5 31. Nb6 Rxb6 32. Rxb6 Bxb1 33. Qxb1 d3 34. Qxd3 Qc5+ 35. Kf1 Qxb6 36. Qf5 Qe6 37. Qc5 g6 38. Bf3 Ne4 39. Qb4 Nd2+ 40. Kf2 Nxf3 41. gxf3 Qb6+ 42. Kg2 Rb8 0-1

[Event "European Amateur-ch U1700 2019"]
[Site "Rhodes"]
[Date "2019.04.11"]
[Round "6.4"]
[White "Meremyanina, Kseniya"]
[Black "De Luca, Andrew"]
[Result "1-0"]
[ECO "C44"]
[WhiteElo "1577"]
[BlackElo "1483"]
[Annotator "NA"]
[PlyCount "67"]
[EventDate "2019.04.06"]
[EventType "swiss"]
[EventCountry "GRE"]
[SourceTitle "playchess.com"]
[Source "ChessBase"]
[SourceQuality "1"]
[TimeControl "40/5400+30:1800+30"]

1. e4 e5 2. Nf3 Nc6 3. d4 exd4 4. Bc4 Bb4+ 5. c3 dxc3 6. bxc3 Bc5 7. Bxf7+ Kxf7 8. Qd5+ Ke8 9. Qh5+ g6 10. Qxc5 d6 11. Qe3 Qf6 12. Bb2 Bg4 13. Nbd2 Kd7 14. O-O Re8 15. Rab1 Qf7 16. c4 Nf6 17. Ng5 Qe7 18. h3 Be6 19. Nxe6 Qxe6 20. Bxf6 Qxf6 21. Rxb7 g5 22. Qd3 Re5 23. Rb5 Rxb5 24. cxb5 Ne5 25. Qd5 g4 26. hxg4 Nxg4 27. Qc6+ Ke6 28. Qxc7 Qh6 29. Nf3 Rf8 30. Rd1 Qf4 31. g3 Qxf3 32. Rxd6+ Ke5 33. Qc5+ Kxe4 34. Rd4# 1-0

[Event "European Amateur-ch U1700 2019"]
[Site "Rhodes"]
[Date "2019.04.11"]
[Round "6.5"]
[White "Grishina, Zhanna"]
[Black "Taddia, Davide"]
[Result "0-1"]
[ECO "A45"]
[WhiteElo "1482"]
[BlackElo "1519"]
[Annotator "NA"]
[PlyCount "104"]
[EventDate "2019.04.06"]
[EventType "swiss"]
[EventCountry "GRE"]
[SourceTitle "playchess.com"]
[Source "ChessBase"]
[SourceQuality "1"]
[TimeControl "40/5400+30:1800+30"]

1. d4 Nf6 2. Bf4 c5 3. e3 cxd4 4. exd4 g6 5. Nc3 Bg7 6. Nf3 d6 7. Qd2 a6 8. Be2 b5 9. a3 Qa5 10. b4 Qc7 11. a4 bxa4 12. Nxa4 Ne4 13. Qd3 Bf5 14. Qc4 Qd8 15. O-O O-O 16. Ra3 Nd7 17. d5 Nb6 18. Qa2 Nxa4 19. Bd2 Nxd2 20. Nxd2 Nc3 21. Qc4 Nxe2+ 22. Qxe2 Qc7 23. c4 Rfe8 24. Re1 Bd7 25. Nf3 e6 26. dxe6 Rxe6 27. Qa2 Rxe1+ 28. Nxe1 Be6 29. Rxa6 Rxa6 30. Qxa6 Bxc4 31. Qa4 Qb8 32. Nc2 Bb5 33. Qa5 Bd3 34. Ne3 Qc8 35. g3 Qc1+ 36. Kg2 Be4+ 37. Kh3 Qc8+ 38. g4 h5 39. Kh4 Bd4 40. gxh5 Bxe3 41. fxe3 gxh5 42. Qg5+ Bg6 43. b5 Qc4+ 44. Kg3 Qc7 45. Qd5 Qc5 46. Qb3 Qg5+ 47. Kf2 Qh4+ 48. Kf1 Qh3+ 49. Ke1 Qxh2 50. b6 Qg1+ 51. Kd2 Qg2+ 52. Kc3 Be4 0-1

[Event "European Amateur-ch U1700 2019"]
[Site "Rhodes"]
[Date "2019.04.11"]
[Round "6.6"]
[White "Pantelic, Slobodan"]
[Black "Cebo, Vladimir"]
[Result "1-0"]
[ECO "D02"]
[WhiteElo "1646"]
[BlackElo "1602"]
[Annotator "NA"]
[PlyCount "77"]
[EventDate "2019.04.06"]
[EventType "swiss"]
[EventCountry "GRE"]
[SourceTitle "playchess.com"]
[Source "ChessBase"]
[SourceQuality "1"]
[TimeControl "40/5400+30:1800+30"]

1. Nf3 d5 2. d4 c6 3. Bf4 Nd7 4. e3 Ngf6 5. h3 e6 6. Be2 Be7 7. O-O O-O 8. Nbd2 c5 9. c3 c4 10. Qc2 Re8 11. e4 Nf8 12. e5 N6d7 13. a4 b6 14. b3 cxb3 15. Qxb3 Bb7 16. c4 dxc4 17. Bxc4 a5 18. Bb5 Ba6 19. Rac1 Bxb5 20. Qxb5 Rc8 21. Ne4 h6 22. Nd6 Bxd6 23. exd6 Qf6 24. Rc7 Rxc7 25. Be5 Qd8 26. dxc7 Qc8 27. Bd6 f6 28. Rc1 Kf7 29. Qc6 g6 30. d5 e5 31. Bxf8 Kxf8 32. d6 Kf7 33. Qd5+ Kf8 34. Rc6 Kg7 35. Nd2 f5 36. Nc4 Nf6 37. Qb5 Nd7 38. Nxb6 Nxb6 39. Rxb6 1-0

[Event "European Amateur-ch U1700 2019"]
[Site "Rhodes"]
[Date "2019.04.11"]
[Round "6.9"]
[White "Kalpakidis, Daniel Kyriakos"]
[Black "Apostolakis, Ioannis"]
[Result "0-1"]
[WhiteElo "1211"]
[BlackElo "1439"]
[Annotator "NA"]
[PlyCount "23"]
[EventDate "2019.04.06"]
[EventType "swiss"]
[EventCountry "GRE"]
[SourceTitle "playchess.com"]
[Source "ChessBase"]
[SourceQuality "1"]
[TimeControl "40/5400+30:1800+30"]

1. d4 f5 2. e3 Nf6 3. Bd3 g6 4. b3 Bg7 5. Bb2 b6 6. Nf3 Bb7 7. Nbd2 e6 8. O-O O-O 9. a3 d6 10. Ng5 Qe7 11. Bc4 d5 12. Bd3 0-1

[Event "European Amateur-ch U1700 2019"]
[Site "Rhodes"]
[Date "2019.04.11"]
[Round "6.12"]
[White "Irakleidis, Christos"]
[Black "Rammos, Ilias"]
[Result "0-1"]
[ECO "D02"]
[WhiteElo "1348"]
[BlackElo "1040"]
[Annotator "NA"]
[PlyCount "70"]
[EventDate "2019.04.06"]
[EventType "swiss"]
[EventCountry "GRE"]
[SourceTitle "playchess.com"]
[Source "ChessBase"]
[SourceQuality "1"]
[TimeControl "40/5400+30:1800+30"]

1. d4 d5 2. Nf3 Nc6 3. e3 Nf6 4. Nbd2 Bd7 5. Bd3 e6 6. O-O Bd6 7. b3 e5 8. Bb5 e4 9. Bxc6 Bxc6 10. Ne5 Bxe5 11. dxe5 Nd7 12. Qg4 Qe7 13. Bb2 O-O-O 14. f4 Qc5 15. Bd4 Qe7 16. c4 Kb8 17. cxd5 Bxd5 18. Nc4 Nc5 19. Nb2 Ne6 20. Bc3 h5 21. Qe2 Rh6 22. f5 Ng5 23. Rf4 Rg8 24. Rd1 c6 25. Nc4 h4 26. Nd6 h3 27. Qg4 hxg2 28. Kxg2 f6 29. exf6 gxf6 30. Rh1 Nh3 31. Qxg8+ Bxg8 32. Nxe4 Nxf4+ 33. Kf3 Bd5 34. Kxf4 Rh4+ 35. Kg3 Qxe4 0-1